Map: Wolfe Industries Compound

Players

HotPocket

  • Race: Terran Terran
  • Spawn Location: 7:00

GrandMarkie

  • Race: Protoss Protoss
  • Spawn Location: 7:00

Manta - Winner!

  • Race: Zerg Zerg
  • League: Silver
  • Spawn Location: 3:00

Dallinger - Winner!

  • Race: Terran Terran
  • League: Diamond
  • Spawn Location: 12:00

VOD

Have the link to the VOD?

Description

Time

  • Played on: Feb. 19, 2016, 10:23 p.m.
  • Length: 14:46
Show
View Real Time Build Order
Export as new Build Order

HotPocket Terran 

Build Orders: MMM Bio 

Get SALT Encoding   

  12  0:56  Command Center  
  12  1:09  SCV  
  12  1:11  Supply Depot  
  13  1:21  SCV  
  14  1:29  Refinery  
  14  1:33  SCV  
  14  1:34  Barracks  
  15  1:47  SCV  
  15  1:50  Barracks  
  16  1:59  SCV  
  17  2:09  Barracks  
  17  2:11  SCV x2  
  19  2:21  Marine  
  20  2:27  Orbital Command  
  20  2:37  Orbital Command  
  20  2:43  Barracks Tech Lab  
  20  2:44  Barracks Tech Lab  
  20  2:57  Barracks Tech Lab  
  20  2:59  Barracks  
  20  3:01  SCV  
  20  3:04  Marauder  
  23  3:08  Marauder  
  26  3:12  SCV  
  26  3:17  SCV  
  27  3:20  Marauder  
  27  3:25  Concussive Shells, SCV  
  30  3:27  Marauder  
  30  3:29  SCV  
  30  3:32  Marauder  
  35  3:37  Supply Depot  
  35  3:38  SCV  
  36  3:43  SCV  
  37  3:50  Supply Depot  
  37  3:51  SCV  
  38  3:56  Barracks Reactor  
  38  3:59  Marauder  
  38  4:01  SCV  
  38  4:02  Refinery  
  41  4:04  SCV  
  41  4:05  Marauder, Marine  
  45  4:13  Supply Depot  
  45  4:15  Refinery  
  45  4:17  SCV  
  45  4:18  Refinery, SCV  
  45  4:24  Marauder, Marine, Supply Depot  
  49  4:29  SCV  
  49  4:30  Barracks  
  51  4:36  SCV, Barracks  
  52  4:44  Marauder, Marine x2  
  52  4:45  Marine x2  
  58  5:01  SCV x2  
  58  5:03  Marauder  
  58  5:04  Marauder  
  64  5:13  SCV  
  64  5:14  Supply Depot x2  
  65  5:15  Supply Depot x2  
  65  5:16  SCV  
  65  5:17  Engineering Bay  
  65  5:20  Marine  
  67  5:23  Barracks Tech Lab  
  67  5:25  Barracks Tech Lab, SCV  
  67  5:28  Marauder  
  70  5:35  Marauder, SCV  
  73  5:37  Marauder, Marine, SCV  
  73  5:38  Marine  
  78  5:48  Marauder  
  80  5:51  Combat Shields  
  80  5:52  Stimpack  
  80  5:53  Marauder  
  80  5:55  Marine  
  85  5:57  Marauder, Marine  
  85  6:01  Marauder  
  85  6:03  SCV x2  
  94  6:18  Marauder x2  
  94  6:22  Terran Infantry Weapons Level 1  
  94  6:24  SCV  
  95  6:30  Command Center, Marine, Marauder x2  
  95  6:31  Marine  
  86  6:47  Marauder x2, Marine  
  89  6:48  Marine x2  
  89  6:52  Marauder x2  
  96  7:04  Marine  
  96  7:06  Marine x2  
  96  7:07  Missile Turret  
  96  7:08  Marauder, Marine  
  101  7:10  Missile Turret  
  101  7:12  Marine  
  101  7:13  Marine  
  101  7:14  Missile Turret x2  
  97  7:22  Marine  
  74  7:31  Marine x4  
  74  7:32  Marine x2  
  80  7:40  Marine  
  81  7:44  Missile Turret  
  81  7:49  Marine x2  
  83  7:52  Orbital Command, Missile Turret  
  83  8:12  Missile Turret  
  83  8:13  Missile Turret  
  83  8:19  Marine x2  
  78  8:20  Marine x5  
  84  8:27  Missile Turret  
  84  8:31  Missile Turret  
  84  8:33  Missile Turret  
  84  8:37  Marine x4  
  84  8:38  Marine  
  84  8:39  Marine  
  84  8:40  Marine  
  91  8:55  Marine x4  
  90  9:24  SCV  
  90  9:32  Marine  
  90  9:33  Marine x6  
  90  9:36  SCV  
  98  9:39  Missile Turret  
  98  9:40  Missile Turret  
  98  9:43  Missile Turret  
  98  9:44  Missile Turret, SCV x2  
  100  9:48  SCV  
  100  9:50  Marine  
  78  10:00  SCV  
  78  10:01  Factory  
  78  10:03  Missile Turret  
  78  10:05  Factory  
  47  10:12  Marine x5  
  47  10:13  Marine x2, SCV  
  55  10:20  Command Center  
  55  10:30  Marine x4  
  55  10:31  Marauder x2, Marine  
  55  10:34  Missile Turret  
  64  10:41  Terran Infantry Armor Level 1  
  64  10:47  Refinery  
  64  11:03  Factory Tech Lab x2  
  64  11:13  Refinery  
  42  11:27  Marine x5  
  42  11:28  Marine x2  
  33  11:44  Marine  
  33  11:45  Marine x2  
  32  12:10  Marine x2  
  25  12:35  Hi-Sec Auto Tracking  
  20  13:42  Factory Tech Lab  
  20  14:20  Marine x5  
  20  14:21  Marauder, Marine  
  28  14:32  Factory Tech Lab  
Show
View Real Time Build Order
Export as new Build Order

GrandMarkie Protoss 

Build Orders: 1 Gate Expand 

Get SALT Encoding   

  12  0:09  Probe (Chrono Boost)  
  13  0:21  Pylon  
  13  0:25  Probe (Chrono Boost)  
  14  0:36  Probe (Chrono Boost)  
  14  0:40  Gateway  
  15  1:11  Nexus  
  15  1:21  Pylon  
  15  1:23  Probe (Chrono Boost)  
  16  1:34  Cybernetics Core  
  16  1:41  Probe (Chrono Boost)  
  16  1:42  Assimilator  
  17  1:58  Forge  
  17  1:59  Probe (Chrono Boost)  
  18  2:09  Probe (Chrono Boost)  
  19  2:20  Probe (Chrono Boost)  
  19  2:21  Assimilator  
  20  2:24  Probe (Chrono Boost)  
  21  2:30  Probe (Chrono Boost)  
  22  2:40  Probe (Chrono Boost)  
  22  2:41  Probe (Chrono Boost)  
  24  2:52  Mothership Core (Chrono Boost)  
  24  2:58  Pylon, Probe (Chrono Boost)  
  27  3:05  Photon Cannon  
  27  3:08  Probe (Chrono Boost)  
  27  3:10  Photon Cannon  
  28  3:13  Pylon  
  28  3:15  Probe (Chrono Boost)  
  28  3:18  Probe (Chrono Boost)  
  28  3:19  Warp Gate (Chrono Boost)  
  30  3:26  Stalker  
  32  3:34  Photon Cannon  
  32  3:39  Photon Cannon  
  32  3:41  Probe  
  32  3:42  Probe  
  34  3:52  Probe  
  34  3:53  Pylon  
  34  3:54  Probe  
  36  4:00  Gateway  
  36  4:04  Stalker  
  36  4:07  Probe  
  39  4:14  Assimilator  
  39  4:16  Pylon  
  39  4:19  Probe  
  39  4:20  Assimilator, Probe  
  39  4:23  Twilight Council  
  41  4:27  Gateway  
  41  4:38  Photon Cannon  
  41  4:41  Protoss Ground Weapons Level 1  
  41  4:45  Probe  
  41  4:46  Probe  
  43  5:04  Gateway  
  43  5:09  Blink (Chrono Boost), Gateway  
  43  5:14  Pylon  
  43  5:17  Pylon  
  43  5:20  Probe  
  44  5:30  Probe  
  44  5:33  Stalker  
  44  5:34  Stalker  
  43  5:49  Probe  
  43  5:50  Probe  
  45  5:59  Probe  
  45  6:02  Probe  
  47  6:04  Nexus  
  47  6:06  Pylon  
  47  6:09  Pylon  
  47  6:13  Stalker  
  47  6:14  Probe, Stalker x2  
  54  6:20  Probe  
  55  6:31  Probe  
  56  6:41  Probe  
  55  7:06  Stalker  
  55  7:07  Stalker x4  
  59  7:12  Photon Cannon  
  59  7:14  Probe  
  59  7:16  Probe  
  59  7:18  Photon Cannon  
  59  7:20  Photon Cannon  
  59  7:21  Photon Cannon  
  59  7:22  Pylon  
  61  7:23  Photon Cannon  
  61  7:25  Probe, Photon Cannon  
  61  7:28  Probe, Photon Cannon  
  63  7:40  Stalker x3  
  63  7:41  Stalker  
  71  7:54  Stalker  
  73  8:00  Probe  
  73  8:01  Probe  
  73  8:03  Probe  
  76  8:10  Probe  
  76  8:11  Stalker  
  76  8:12  Stalker x2  
  83  8:13  Probe x2  
  83  8:19  Photon Cannon  
  85  8:21  Probe  
  85  8:25  Probe  
  85  8:26  Protoss Ground Weapons Level 2 (Chrono Boost)  
  83  9:16  Pylon  
  83  9:18  Pylon  
  83  9:19  Stalker x4  
  83  9:21  Pylon  
  83  9:24  Pylon  
  91  9:27  Pylon  
  91  9:29  Probe x2  
  91  9:30  Probe  
  94  9:35  Assimilator  
  94  9:39  Assimilator  
  94  9:40  Probe  
  94  9:43  Probe  
  96  9:47  Templar Archives  
  96  9:48  Dark Shrine  
  96  9:50  Pylon  
  96  9:53  Pylon, Gateway  
  96  9:54  Gateway  
  96  9:56  Gateway  
  96  9:57  Stalker x2  
  96  9:58  Stalker  
  96  9:59  Gateway  
  102  10:00  Gateway  
  98  10:18  Stalker x2  
  102  10:25  Psionic Storm  
  102  10:28  Protoss Ground Weapons Level 3 (Chrono Boost)  
  102  10:30  Forge  
  102  10:32  Forge  
  101  10:47  Stalker x2  
  101  10:48  Stalker  
  107  11:00  Pylon  
  107  11:01  Dark Templar x2  
  107  11:02  Pylon, Dark Templar x2  
  115  11:29  Nexus  
  115  11:32  Pylon  
  115  11:35  Pylon  
  115  11:38  Pylon  
  115  11:40  Stalker x3  
  115  11:41  Stalker  
  115  11:42  Stalker x2  
  115  11:43  Stalker  
  67  12:20  Stalker  
  67  12:21  Stalker x3  
  67  12:22  Stalker x2  
  75  12:23  Stalker x4  
  61  12:51  Stalker x3  
  62  12:52  Stalker x3  
  62  12:53  Stalker  
  49  13:11  Stalker x2  
  49  13:12  Stalker  
  55  13:20  Stalker x2  
  55  13:21  Stalker x3  
  55  13:22  Stalker  
  67  13:27  Stalker  
  69  13:48  Stalker  
  57  14:03  Stalker  
Show
View Real Time Build Order
Export as new Build Order

Manta Zerg - Winner!

Build Orders: 3 Hatch before Pool 

Get SALT Encoding   

  12  0:02  Drone  
  13  0:15  Drone  
  14  0:42  Hatchery  
  13  0:43  Extractor  
  12  1:07  Hatchery  
  11  1:13  Drone  
  12  1:38  Spawning Pool  
  11  1:42  Drone  
  12  1:55  Overlord  
  12  2:16  Drone x3  
  12  2:19  Drone  
  16  2:29  Drone  
  17  2:32  Drone  
  17  2:36  Drone  
  19  2:40  Drone  
  19  2:42  Extractor  
  19  2:47  Drone  
  20  2:55  Lair  
  20  3:00  Drone  
  20  3:03  Drone  
  23  3:05  Drone  
  23  3:09  Drone  
  24  3:13  Drone  
  24  3:14  Drone  
  24  3:18  Drone  
  27  3:21  Drone  
  27  3:23  Drone  
  27  3:25  Drone  
  30  3:28  Overlord  
  30  3:41  Queen  
  30  3:44  Queen  
  34  3:50  Drone  
  34  3:52  Drone, Queen  
  34  3:54  Drone  
  39  4:02  Extractor  
  39  4:06  Drone, Spire  
  39  4:07  Drone  
  39  4:09  Drone  
  40  4:14  Drone  
  40  4:15  Drone  
  42  4:17  Overlord  
  42  4:28  Overlord  
  42  4:30  Metabolic Boost  
  42  4:36  Drone x3, Spire  
  44  4:43  Extractor  
  44  4:45  Drone x5  
  48  4:49  Drone  
  49  4:55  Pneumatized Carapace  
  49  4:56  Drone  
  49  4:57  Drone  
  49  4:58  Drone  
  52  5:00  Extractor  
  51  5:14  Hatchery, Queen  
  51  5:19  Drone x3  
  51  5:20  Drone  
  56  5:24  Extractor  
  56  5:27  Drone x3  
  58  5:30  Overlord  
  58  5:31  Overlord  
  58  5:52  Mutalisk  
  58  5:53  Mutalisk x5  
  58  5:54  Mutalisk  
  58  5:57  Overlord  
  72  6:11  Hatchery, Overlord  
  71  6:14  Queen  
  73  6:34  Zerg Flyer Armor Level 1  
  73  6:35  Mutalisk, Zerg Flyer Weapons Level 1  
  73  6:36  Mutalisk x2  
  73  6:37  Overlord  
  73  6:38  Overlord x2  
  79  6:45  Drone x5  
  79  6:46  Drone x3  
  79  6:47  Drone  
  88  7:16  Mutalisk x4  
  88  7:17  Mutalisk x2  
  88  7:18  Zergling x2  
  88  7:19  Zergling x14  
  88  7:20  Overlord x2  
  108  7:33  Hatchery  
  108  7:35  Mutalisk x3  
  113  7:47  Zergling x6  
  113  7:48  Drone x2  
  113  7:49  Drone x5  
  123  8:03  Evolution Chamber, Infestation Pit  
  121  8:07  Queen  
  121  8:12  Hatchery  
  122  8:19  Extractor  
  113  8:43  Queen  
  113  9:03  Mutalisk  
  113  9:04  Mutalisk x12  
  131  9:38  Mutalisk  
  131  9:39  Mutalisk x5  
  131  9:44  Drone  
  146  9:46  Overlord x4  
  146  9:47  Overlord x6  
  144  10:05  Queen  
  144  10:06  Queen  
  148  10:07  Hatchery  
  148  10:09  Hatchery  
  146  10:18  Mutalisk x4  
  146  10:19  Mutalisk x2  
  146  10:20  Zergling x10  
  146  10:21  Zergling x14  
  170  10:34  Extractor  
  163  10:52  Mutalisk  
  163  10:53  Mutalisk x5  
  175  11:03  Drone x7  
  156  11:36  Mutalisk x6  
  156  11:37  Mutalisk x3  
  174  11:44  Overlord  
  174  11:45  Overlord x3  
  167  12:10  Overseer  
  167  12:11  Overseer  
  158  12:36  Mutalisk x7  
  158  12:37  Mutalisk x3  
  162  12:38  Zergling x2  
  162  12:39  Zergling x24  
  189  13:10  Mutalisk x5  
  199  13:27  Hive  
  199  14:05  Hatchery  
  192  14:34  Extractor  
Show
View Real Time Build Order
Export as new Build Order

Dallinger Terran - Winner!

Build Orders: Bio Tank 

Get SALT Encoding   

  12  0:01  SCV  
  13  0:13  SCV  
  14  0:20  Supply Depot  
  14  0:25  SCV  
  15  0:41  SCV  
  16  0:43  Barracks  
  16  0:53  SCV  
  17  0:57  Refinery  
  17  1:05  SCV  
  18  1:18  SCV  
  19  1:25  Refinery  
  19  1:30  Orbital Command  
  19  1:39  Barracks Reactor  
  19  1:49  Command Center  
  19  1:56  SCV  
  20  2:09  SCV  
  20  2:14  Supply Depot  
  21  2:16  Marine x2  
  21  2:22  Factory  
  23  2:35  Marine x2  
  23  2:36  SCV  
  26  2:48  Supply Depot, SCV  
  27  2:57  Marine x2  
  29  3:00  SCV  
  29  3:02  Orbital Command  
  30  3:07  Factory Tech Lab  
  30  3:12  SCV  
  31  3:14  Starport  
  31  3:24  SCV  
  32  3:28  SCV  
  33  3:34  Siege Tank  
  33  3:36  SCV  
  33  3:40  SCV  
  38  3:44  Refinery  
  38  3:45  Refinery  
  38  3:48  SCV  
  38  3:50  Starport Reactor  
  38  3:52  SCV  
  38  3:53  Supply Depot  
  40  4:00  SCV  
  41  4:04  SCV  
  41  4:09  Barracks x2  
  42  4:12  SCV  
  42  4:16  SCV  
  44  4:25  SCV  
  44  4:27  Siege Tank  
  44  4:28  Medivac x2  
  44  4:29  SCV  
  53  4:37  SCV  
  54  4:41  SCV  
  55  4:49  Engineering Bay, SCV  
  55  4:52  Supply Depot x2  
  56  5:01  Barracks Tech Lab x2  
  56  5:04  Medivac x2  
  60  5:13  Siege Tank  
  63  5:48  Marine x2  
  63  5:49  Marine x2  
  67  5:56  Factory, Armory  
  67  5:58  Engineering Bay  
  67  6:00  Combat Shields, Barracks x2  
  67  6:01  Stimpack  
  67  6:06  Command Center, Missile Turret  
  67  6:09  Supply Depot  
  67  6:11  Supply Depot  
  62  6:46  Marine x4  
  61  6:47  Siege Tank  
  56  7:04  Marine x4  
  52  7:11  Orbital Command  
  52  7:21  Marine  
  52  7:22  Marine x3  
  52  7:30  Barracks Reactor x2, Factory Tech Lab  
  52  7:52  Engineering Bay  
  52  8:07  SCV  
  52  8:19  SCV  
  52  8:24  Terran Infantry Armor Level 1, Terran Infantry Weapons Level 1  
  52  8:25  Terran Vehicle Weapons Level 1  
  52  8:27  Siege Tank x2  
  52  8:28  Medivac  
  52  8:29  Medivac  
  52  8:32  Marauder x2, Marine x6  
  72  8:43  Command Center  
  72  8:47  SCV  
  72  8:48  SCV  
  74  8:57  Supply Depot  
  74  8:59  Supply Depot  
  74  9:00  SCV x2  
  76  9:09  Siege Tank x2  
  82  9:12  SCV x2  
  68  10:14  Siege Tank  
  68  10:15  Medivac x2, Siege Tank  
  68  10:16  Marauder x2, Marine x6  
  88  10:22  Orbital Command  
  88  10:30  Missile Turret  
  88  10:31  Missile Turret  
  88  10:33  Sensor Tower, Marine x2  
  88  10:34  Marine x3  
  93  10:43  Marine x3  
  93  10:45  SCV x2  
  93  10:46  Thor  
  104  10:51  Marine x2  
  106  10:57  SCV  
  106  10:58  SCV  
  64  12:25  Thor  
  64  12:26  Thor  
  64  12:27  Marauder x2, Marine x3  
  64  12:28  Marine x3  
  76  12:45  Marine x4  
  76  12:46  Marine x2  
  76  12:48  Marauder x2  
  84  13:02  Marine  
  84  13:03  Marine x5  
  90  13:10  Marauder x2  
  94  13:18  Refinery  
  94  13:20  Refinery, Marine x2  
  94  13:21  Marine x4  
  100  13:31  Marauder x2  
  104  13:34  Orbital Command  
  104  13:38  Marine x2  
  104  13:39  Marine x4  
  110  13:41  Supply Depot  
  110  13:42  Command Center  
  110  13:43  Supply Depot  
  110  13:44  Supply Depot, Command Center  
  110  13:46  SCV  
  110  13:47  SCV  
  112  13:52  Marine x2  
  114  13:56  Marine x3  
  114  13:59  SCV x2  
  119  14:05  Supply Depot  
  119  14:09  Supply Depot  
Tags
 
Add a new tag
Caveats
  • Supply blocks, unpowered buildings, or Contaminate may cause inaccurate times.
  • Supply counts are checked every 10 seconds.